 Dungeon Crawl Stone Soup version 0.31-a0-1002-g8e65716e6e (webtiles) character file.

Game seed: 309525240354519230

130 Malachi the Ruffian (level 4, -1/51 HPs)
             Began as a Demonspawn Shapeshifter on Nov 9, 2023.
             Was a Believer of Uskayaw.
             Slain by an ogre
             ... wielding a +0 giant club
              (10 damage)
             ... on level 4 of the Dungeon.
             The game lasted 00:02:27 (2732 turns).

Malachi the Ruffian (Demonspawn Shapeshifter)       Turns: 2732, Time: 00:02:27

Health: -1/51      AC: 22    Str: 16    XL:     4   Next: 90%
Magic:  4/4        EV:  2    Int: 12    God:    Uskayaw [**....]
Gold:   145        SH:  0    Dex: 12    Spells: 3/3 levels left

rFire   . .          .
                       - Unarmed
rCold   . . .        (no shield)
rNeg    . . .        h - melded +2 scale mail {rF+}
rPois   +            (helmet currently unavailable)
rElec   .            (cloak currently unavailable)
rCorr   .            (gloves currently unavailable)
SInv    .            (boots currently unavailable)
Will    .....        (no amulet)
Stlth   +            (no ring)
HPRegen 0.28/turn    (no ring)
MPRegen 0.09/turn

%: no passive effects
@: tree-form
A: stationary, stasis, torment immunity, boosted hp, (sanguine armour 2)
a: Renounce Religion, Stomp, Line Pass


You were on level 4 of the Dungeon.
You worshipped Uskayaw.
Uskayaw was noncommittal.
You were a tree.
You visited 1 branch of the dungeon, and saw 4 of its levels.

You collected 145 gold pieces.

Inventory:

Armour
 a - a +0 helmet
 h - a +2 scale mail of fire resistance (melded)
 j - a +0 pair of gloves
Talismans
 c - a beast talisman
 d - a flux talisman
Scrolls
 m - a scroll of enchant weapon {unknown}
Potions
 e - a potion of haste {unknown}
 f - 2 potions of degeneration {unknown}
 g - 2 potions of heal wounds {unknown}
 i - 3 potions of brilliance {unknown}
 k - a potion of cancellation {unknown}
 l - a potion of ambrosia {unknown}


   Skills:
 + Level 2.9 Fighting
 - Level 1.7 Dodging
 + Level 3.6 Unarmed Combat
 + Level 3.5 Shapeshifting


You had 3 spell levels left.
You didn't know any spells.
Your spell library was empty.

Dungeon Overview and Level Annotations

Branches:
Dungeon (4/15)
 Temple: D:4-7

Altars:
Uskayaw


Innate Abilities, Weirdness & Mutations

You are a tree.
Your roots penetrate the ground, keeping you stationary.
You cannot be teleported.
You are immune to unholy pain and torment.
Your maximum health is greatly increased.
Your equipment is partially melded.
((When seriously injured, your blood forms thick armour. (AC +0)))


Message History

Unknown command.
An ogre is nearby!
You climb upwards.
There is a stone staircase leading down here.
Unknown command.
There is a stone staircase leading down here.
Unknown command.
You climb downwards.
There is a stone staircase leading up here.
Unknown command.
Okay, then.
Attack: -) Nothing wielded
Press: ? - help, Dir - move target, f - you
Okay, then.
Okay, then.
Okay, then.
Okay, then.
You hit the ogre.
The ogre is lightly wounded.
The ogre hits you with a +0 giant club!!
Ouch! That really hurt!
* * * LOW HITPOINT WARNING * * *
Your blood congeals into armour.
You are too injured to fight recklessly!
You are too injured to fight recklessly!
You are too injured to fight recklessly!
Your transformation has ended.
You turn into a tree.
Your +2 scale mail of fire resistance melds into your body.
You feel less resistant to fire.
Your roots penetrate the ground.
Your blood armour dries and flakes away.
The ogre hits you with a +0 giant club!
* * * LOW HITPOINT WARNING * * *
You smack the ogre!
You punch the ogre.
The ogre is severely wounded.
You can now pass through a line of other dancers.
You hit the ogre.
The ogre is severely wounded.
The ogre hits you with a +0 giant club!
You die...

# # ##.
#. ...
#.# #.#
#.###..#
#..<.#
#.#♣.# #
#O.#
#..#
#..#
#<.#
#..#
....#
.....#
#......


You could see an ogre.

Vanquished Creatures
  Robin (D:2)
  5 adders
  A worm (D:3)
  2 dart slugs
  2 orcs (D:3)
  2 ball pythons
  3 bats
  4 endoplasms
  A giant cockroach (D:3)
  8 goblins
  15 hobgoblins
  6 kobolds
  3 quokkas
  3 frilled lizards
  3 rats
59 creatures vanquished.

Notes
Turn   | Place    | Note
-------+----------+-------------------------------------------
     0 | D:1      | Malachi the Demonspawn Shapeshifter began the quest for the
                  | Orb.
     0 | D:1      | Reached XP level 1. HP: 15/15 MP: 1/1
   342 | D:1      | Gained mutation: When seriously injured, your blood forms
                  | armour. (AC +0) [demonic ancestry]
   342 | D:1      | Reached XP level 2. HP: 21/21 MP: 2/2
   978 | D:1      | Found a faded altar of an unknown god.
  1068 | D:2      | Gained mutation: When seriously injured, your blood forms
                  | thick armour. (AC +0) [demonic ancestry]
  1068 | D:2      | Reached XP level 3. HP: 22/27 MP: 3/3
  1068 | D:2      | Noticed Robin
  1082 | D:2      | Killed Robin
  1321 | D:2      | Found a hide-covered altar of Uskayaw.
  1348 | D:2      | Became a worshipper of Uskayaw the Reveller
  1514 | D:2      | Reached * piety under Uskayaw
  1702 | D:2      | Reached ** piety under Uskayaw
  1707 | D:2      | Reached XP level 4. HP: 31/34 MP: 4/4
  1712 | D:2      | Reached *** piety under Uskayaw
  2706 | D:4      | Noticed an ogre
  2732 | D:4      | Slain by an ogre

Illustrated notes

Levels and vault maps discovered:
D:1:      dpeg_arrival_court, layout_basic,
          hellmonk_ecumenical_altar_prayer_group
D:2:      layout_basic, basic_altar, kennysheep_small_spiral, uniq_robin
D:3:      layout_rooms, minmay_hedge_maze, amethyst_killhole
D:4:      layout_loops_corners, minmay_bent

Skill      XL: |  1  2 |
---------------+-------+-----
Unarmed Combat | 3 |  3.6
Shapeshifting  | 3 |  3.5
Fighting       | 2 |  2.9
Dodging        | |  1.7

Action                     |  1- 3 |  4- 6 || total
---------------------------+-------+-------++-------
  Melee: Unarmed           |   125 |    75 ||   200
         Punch             |     4 |     2 ||     6
    Use: Potion            |       |     1 ||     1
   Stab: Paralysed         |       |     1 ||     1
 Armour: Animal skin       |    22 |       ||    22
         Scale mail        |    33 |    47 ||    80
         Skin              |       |     2 ||     2
  Dodge: Dodged            |    59 |    22 ||    81

Table legend: (Time is in decaauts)
 A = Elapsed time spent in this place.
 B = Non-inter-level travel time spent in this place.
 C = Inter-level travel time spent in this place.
 D = Time resting spent in this place.
 E = Time spent auto-exploring this place.
 F = Levels seen in this place.
 G = Mean time per level.
                   A        B        C        D        E       F      G
               +--------+--------+--------+--------+--------+-----+--------+
         Total |   2720 |   2566 |    154 |      0 |   2156 |   4 |  680.0 |
       Dungeon |   2720 |   2566 |    154 |      0 |   2156 |   4 |  680.0 |
               +--------+--------+--------+--------+--------+-----+--------+

Top non-repeatable levels by time:
     D:2: 1098 daAuts
     D:1: 1058 daAuts
     D:3: 553 daAuts
     D:4: 9 daAuts
